 Dungeon Crawl Stone Soup version 0.25.0-10-g039870ee82 (webtiles) character file.

Game seed: 14282289821358961201

75 mopl the Sneak (level 4, 0/27 HPs)
             Began as an Octopode Enchanter on June 22, 2020.
             Slain by an orc
             ... wielding a +0 whip
              (4 damage)
             ... on level 2 of the Dungeon.
             The game lasted 00:02:22 (1352 turns).

mopl the Sneak (Octopode Enchanter)                 Turns: 1352, Time: 00:02:22

Health: 0/27       AC:  1    Str:  7    XL:     4   Next: 31%
Magic:  8/8        EV: 13    Int: 18    God:
Gold:   45         SH:  0    Dex: 12    Spells: 2/8 levels left

rFire    . . .     SeeInvis .   a - +1 dagger
rCold    . . .     Gourm    .   (no shield)
rNeg     . . .     Faith    .   (helmet restricted)
rPois    .         Spirit   .   (no amulet)
rElec    .         Reflect  .   (no ring)
rCorr    .         Harm     .   (no ring)
MR       .....                  (no ring)
Stlth    ++++......             (no ring)
HPRegen  0.09/turn              (no ring)
MPRegen  0.11/turn              (no ring)
                                (no ring)
                                (no ring)

@: no status effects
A: almost no armour, stealthy swim, amphibious, 8 rings, constrict 8, camouflage
1, gelatinous body 1
a: no special abilities


You were on level 2 of the Dungeon.
You were hungry.

You visited 1 branch of the dungeon, and saw 2 of its levels.

You collected 45 gold pieces.

Inventory:

Hand Weapons
 a - a +1 dagger (weapon)
 b - a +2 short sword of flaming
Scrolls
 d - a scroll of immolation {unknown}
 h - a scroll of random uselessness {unknown}
 i - a scroll of identify {unknown}
 j - a scroll of fog {unknown}
Potions
 e - a potion of invisibility {unknown}
 f - a potion of curing {unknown}
 g - a potion of brilliance {unknown}
Comestibles
 c - 3 rations


   Skills:
 - Level 1.0 Short Blades
 - Level 2.0 Dodging
 * Level 5.1 Stealth
 * Level 2.7 Spellcasting
 * Level 3.8 Hexes
 + Level 0.7 Ice Magic


You had 2 spell levels left.
You knew the following spells:

 Your Spells              Type           Power        Failure   Level  Hunger
a - Corona                Hex            ###....      3%          1    #......
b - Ensorcelled Hibernat  Hex/Ice        ##....       10%         2    ##.....
d - Tukima's Dance        Hex            ###.....     11%         3    ###....

Your spell library contained the following spells:

 Spells                   Type           Power        Failure   Level  Hunger
 Confusing Touch          Hex            ###.....     11%         3    ###....
 Dazzling Flash           Conj/Hex       #.....       24%         3    ###....


Dungeon Overview and Level Annotations

Branches:
Dungeon (2/15)

Altars:


Innate Abilities, Weirdness & Mutations

You cannot wear most types of armour.
You are very stealthy in the water. (Stealth+)
You are amphibious.
You can wear up to eight rings at the same time.
You can use your tentacles to constrict eight enemies at once.
Your skin changes colour to match your surroundings (Stealth+).
Your rubbery body absorbs attacks. (AC +1, EV +1)


Message History

* * * LOW HITPOINT WARNING * * *
Unknown command.
You hit the worm.
You kill the worm!
You constrict the orc, but do no damage.
The orc barely misses you.
Unknown command.
You hit the orc but do no damage.
The orc is moderately wounded.
You constrict the orc. The orc closely misses you.
Unknown command.
You hit the orc.
The orc is severely wounded.
You constrict the orc. The orc hits you with a +0 whip.
* * * LOW HITPOINT WARNING * * *
You completely miss the orc.
The orc is almost dead.
You constrict the orc, but do no damage.
The orc hits you with a +0 whip.
You die...

# #.#.'.....#
#.##.###.....#
#............#
####.###.....#
####.# #.....#
#....# #.....#
#.#### #.....#
#.#.# #.....#
#)#@##########
#...o.#
#####.###
#รท..# ###.#
##'### #....+
######.w.##
.........#


You could see an orc.

Vanquished Creatures
  An adder (D:2)
  An ooze (D:2)
  2 worms (D:2)
  A dart slug (D:2)
  A leopard gecko (D:2)
  2 giant cockroaches
  4 goblins
  6 hobgoblins
  8 jackals
  7 bats
  3 frilled lizards
  6 kobolds
  8 rats
50 creatures vanquished.

Notes
Turn   | Place    | Note
-------+----------+-------------------------------------------
     0 | D:1      | mopl the Octopode Enchanter began the quest for the Orb.
     0 | D:1      | Reached XP level 1. HP: 11/11 MP: 3/3
    95 | D:1      | Reached XP level 2. HP: 13/17 MP: 5/5
    99 | D:1      | Learned a level 2 spell: Ensorcelled Hibernation
   377 | D:1      | Reached XP level 3. HP: 10/21 MP: 6/6
   413 | D:1      | Learned a level 3 spell: Tukima's Dance
  1048 | D:2      | Reached XP level 4. HP: 7/27 MP: 1/7
  1298 | D:2      | Reached skill level 5 in Stealth
  1352 | D:2      | Slain by an orc

Illustrated notes

Levels and vault maps discovered:
D:1:      heliophobic_arrival_enchanted_forest, layout_basic,
          chequers_serial_rivers_small_a
D:2:      layout_basic, lemuel_round_altar, first_ration, minmay_pentomino_q4,
          uniq_robin, uniq_sigmund

Skill      XL: |  1  2  3  4 |
---------------+-------------+-----
Stealth        | 5 |  5.1
Short Blades   | |  1.0
Dodging        | |  2.0
Spellcasting   | |  2.7
Hexes          | |  3.8
Ice Magic      | |  0.7

Action                   |  1- 3 |  4- 6 || total
-------------------------+-------+-------++-------
Melee: Dagger            |    60 |    19 ||    79
       Constrict         |    19 |     5 ||    24
       Tentacles         |    11 |     3 ||    14
       Short sword       |    37 |       ||    37
 Cast: Ensorcelled Hiber |     2 |       ||     2
 Stab: Sleeping          |    15 |     1 ||    16
  Eat: Chunk             |       |     1 ||     1
Armor: Skin              |     6 |     1 ||     7
Dodge: Dodged            |    55 |    15 ||    70
